 Dungeon Crawl Stone Soup version 0.26-a0-639-g72c4674329 (webtiles) character file.

Game seed: 11535525276936134696

2211 jinjihan the Grave Robber (level 9, -1/66 HPs)
             Began as a Mummy Necromancer on Sept 18, 2020.
             Was a Believer of Makhleb.
             Slain by Harold
             ... wielding a +1 vorpal glaive
              (5 damage)
             ... on level 7 of the Dungeon.
             The game lasted 00:29:40 (14173 turns).

jinjihan the Grave Robber (Mummy Necromancer)      Turns: 14173, Time: 00:29:40

Health: -1/66      AC: 12    Str: 14    XL:     9   Next: 13%
Magic:  17/17      EV:  4    Int: 15    God:    Makhleb [**....]
Gold:   408        SH:  0    Dex: 12    Spells: 10/19 levels left

rFire    x . .     SeeInvis .   A - +0 hand axe (venom)
rCold    + . .     Faith    .   (no shield)
rNeg     + + +     Spirit   .   B - +0 plate armour
rPois    ∞         Reflect  .   (no helmet)
rElec    .         Harm     .   (no cloak)
rCorr    .         Rampage  .   (no gloves)
MR       +....                  (no boots)
Stlth    ..........             (no amulet)
HPRegen  0.21/turn              (no ring)
MPRegen  0.15/turn              (no ring)

@: no status effects
A: no potions, fire vulnerability, cold resistance 1, negative energy resistance
3, torment resistance, unbreathing
a: Minor Destruction, Renounce Religion


You were on level 7 of the Dungeon.
You worshipped Makhleb.
Makhleb was pleased with you.
You visited 1 branch of the dungeon, and saw 7 of its levels.

You collected 408 gold pieces.

Inventory:

Hand Weapons
 e - a +0 club
 n - a +0 hand axe
 o - a +1 vorpal hand axe
 A - a +0 hand axe of venom (weapon)
Missiles
 c - 46 poisoned darts (quivered)
 x - 5 boomerangs
Armour
 a - a +0 robe
 b - a +0 ring mail
 s - the +1 robe of Egalitarianism {+Fly rF+ Int+3}
   (You found it on level 4 of the Dungeon)

   It affects your intelligence (+3).
   It protects you from fire.
   It lets you fly.
 u - a +0 chain mail
 B - a +0 plate armour (worn)
Jewellery
 i - an uncursed amulet of magic regeneration {unknown}
 w - an uncursed ring of stealth
 y - an uncursed ring of flight {unknown}
Wands
 p - a wand of iceblast (7)
 q - a wand of enslavement (6)
 r - a wand of random effects (19)
 z - a wand of flame (9)
Scrolls
 d - 3 scrolls of fog {unknown}
 f - 2 scrolls of fear {unknown}
 g - 2 scrolls of teleportation {unknown}
 h - 2 scrolls of noise {unknown}
 j - 5 scrolls of identify {unknown}
 k - 2 scrolls of enchant weapon {unknown}
 l - 3 scrolls of immolation {unknown}
 m - 3 scrolls of enchant armour {unknown}
 t - 4 scrolls of remove curse {unknown}
 v - a scroll of random uselessness {unknown}


   Skills:
 * Level 4.7 Fighting
 + Level 3.4 Axes
 + Level 3.1 Throwing
 * Level 5.5 Armour
 - Level 1.5 Dodging
 - Level 1.5 Stealth
 + Level 5.7 Spellcasting
 + Level 6.1 Necromancy


You had 10 spell levels left.
You knew the following spells:

 Your Spells              Type           Power        Failure   Level
a - Pain                  Necr           ###.         67%         1
b - Animate Skeleton      Necr           ###...       67%         1
c - Vampiric Draining     Necr           ###.......   96%         3
d - Animate Dead          Necr           ###.......   100%        4

Your spell library contained the following spells:

 Spells                   Type           Power        Failure   Level
 Agony                    Necr           ###.....     100%        5


Dungeon Overview and Level Annotations

Branches:
Dungeon (7/15)             Temple (0/1) D:5

Altars:
Ashenzari
Elyvilon
Kikubaaqudgha
Makhleb
Nemelex Xobeh
Sif Muna
Wu Jian
Xom
Zin

Annotations:
D:1 exclusion: downstairs
D:2 exclusion: 2 downstairs
D:3 exclusion: downstairs, Sigmund
D:4 exclusion: downstairs
D:5 Duvessa
D:6 exclusion: 2 downstairs
D:7 Harold


Innate Abilities, Weirdness & Mutations

You do not drink.
Your flesh is vulnerable to fire.
You are immune to poison.
Your flesh is cold resistant. (rC+)
You are immune to negative energy. (rN+++)
You are immune to unholy pain and torment.
You can survive without breathing.


Message History

Harold hits you with a +1 vorpal glaive!
You hit Harold but do no damage.
Harold looks even sicker.
Harold hits you but does no damage.
You hit Harold but do no damage.
Harold is lightly wounded.
Harold hits you with a +1 vorpal glaive!
You hit Harold.
Harold is lightly wounded.
Harold barely misses you.
You hit Harold.
Harold looks as sick as possible!
Harold is lightly wounded.
You hit Harold but do no damage.
Harold looks as sick as possible!
Harold is lightly wounded.
Harold hits you with a +1 vorpal glaive!
* * * LOW HITPOINT WARNING * * *
You hit Harold but do no damage.
Harold looks as sick as possible!
Harold is lightly wounded.
Harold hits you with a +1 vorpal glaive!
* * * LOW HITPOINT WARNING * * *
You die...

.#. .. # # ...# .. ###### .#. ...
.....# .. .... .≈.≈.# # ##.#.....
.._..# #..##.@...... .≈.≈.#
#^..@...# .....# #######....##..
..#####
##'######..............####......
#..#..##..######.####.....#......
.....###.## ..# ...........
.....###.# ... ##...)....
.........# ... #.......
.....######## .... ###../....
............. ###.........


You could see Harold (extremely poisoned).

Vanquished Creatures
  An orc warrior (D:6)
  3 black bears (D:6)
  An ogre (D:4)
  A sky beast (D:6)
  2 centaurs
  A big kobold (D:6)
  2 bullfrogs
  3 scorpions
  Dowan (D:5)
  3 killer bees (D:6)
  2 howler monkeys
  A bullfrog zombie (D:5)
  A centaur zombie (D:5)
  A bullfrog skeleton (D:4)
  A jelly (D:6)
  2 orc wizards (D:3)
  2 orc priests (D:3)
  4 hounds
  Ijyb (D:3)
  Jessica (D:2)
  An iguana (D:5)
  3 worker ants
  3 hound skeletons
  12 gnolls
  A howler monkey skeleton (D:4)
  6 adders
  A shadow imp (D:5)
  2 white imps
  4 ufetubi
  2 oozes
  An adder skeleton (D:6)
  4 worms
  2 dart slugs
  3 leopard geckos
  23 orcs
  9 bats
  5 giant cockroaches
  7 goblins
  4 hobgoblins
  6 jackals
  13 kobolds
  A quokka (D:5)
  7 frilled lizards
  A jackal zombie (D:6)
  2 leopard gecko skeletons
  3 rats
160 creatures vanquished.

Vanquished Creatures (collateral kills)
  A quokka (D:2)
1 creature vanquished.

Grand Total: 161 creatures vanquished

Notes
Turn   | Place    | Note
-------+----------+-------------------------------------------
     0 | D:1      | jinjihan the Mummy Necromancer began the quest for the Orb.
     0 | D:1      | Reached XP level 1. HP: 13/13 MP: 4/4
   849 | D:1      | Reached XP level 2. HP: 20/20 MP: 2/5
  1639 | D:2      | Reached XP level 3. HP: 25/25 MP: 1/7
  1712 | D:2      | Reached skill level 1 in Fighting
  1866 | D:2      | Noticed an orc warrior
  1868 | D:2      | Reached XP level 4. HP: 25/32 MP: 3/9
  1869 | D:2      | Noticed Jessica
  1879 | D:2      | Killed Jessica
  1879 | D:2      | Reached skill level 1 in Armour
  2411 | D:2      | Learned a level 1 spell: Animate Skeleton
  2415 | D:2      | Learned a level 3 spell: Vampiric Draining
  2741 | D:2      | Found a burning altar of Makhleb.
  2741 | D:2      | Noticed an Executioner
  2780 | D:2      | Noticed an orange demon
  2780 | D:2      | Noticed a hellwing
  2782 | D:2      | Became a worshipper of Makhleb the Destroyer
  3095 | D:3      | Noticed Sigmund
  3501 | D:2      | Reached XP level 5. HP: 14/38 MP: 1/11
  3959 | D:3      | Reached skill level 5 in Necromancy
  5015 | D:3      | Found a sparkling altar of Nemelex Xobeh.
  5112 | D:3      | Noticed Ijyb
  5204 | D:4      | Reached XP level 6. HP: 24/44 MP: 3/12
  5665 | D:4      | Found a shimmering blue altar of Sif Muna.
  5876 | D:3      | Learned a level 4 spell: Animate Dead
  5890 | D:3      | Reached skill level 1 in Throwing
  5898 | D:3      | Reached * piety under Makhleb
  6054 | D:3      | Killed Ijyb
  6334 | D:3      | Reached skill level 5 in Spellcasting
  6549 | D:3      | Paralysed by a gnoll for 7 turns
  6845 | D:4      | Found a shimmering altar of Xom.
  6947 | D:4      | Reached XP level 7. HP: 46/51 MP: 6/14
  7017 | D:4      | Got a tattered robe
  7028 | D:4      | Identified the +1 robe of Egalitarianism {+Fly rF+ Int+3}
                  | (You found it on level 4 of the Dungeon)
  7652 | D:4      | Found a white marble altar of Elyvilon.
  8119 | D:5      | Entered Level 5 of the Dungeon
  8315 | D:5      | Found an ornate altar of the Wu Jian Council.
  8385 | D:5      | Reached skill level 1 in Axes
  8755 | D:5      | Found a shattered altar of Ashenzari.
  8882 | D:5      | Reached skill level 6 in Necromancy
  9040 | D:5      | Found a staircase to the Ecumenical Temple.
  9088 | D:5      | Noticed Duvessa
  9092 | D:5      | Noticed Dowan
 10020 | D:5      | Reached ** piety under Makhleb
 10101 | D:5      | Killed Dowan
 10664 | D:5      | Found an ancient bone altar of Kikubaaqudgha.
 10875 | D:6      | Reached XP level 8. HP: 29/58 MP: 16/16
 12048 | D:6      | Found a glowing silver altar of Zin.
 13178 | D:7      | Reached skill level 5 in Armour
 13528 | D:6      | Reached XP level 9. HP: 59/66 MP: 17/17
 14145 | D:7      | Found a shimmering altar of Xom.
 14166 | D:7      | Noticed Harold
 14173 | D:7      | Slain by Harold

Illustrated notes

Levels and vault maps discovered:
D:1:      dpeg_arrival_snail, layout_basic, wad_floor_pattern_2
D:2:      layout_rooms, makhleb_altar_promises_db, uniq_jessica
D:3:      layout_rooms, nemelex_diamond_rough_becter, uniq_ijyb, uniq_sigmund
D:4:      layout_loops_ring, kennysheep_mini_moat, elyvilon_altar_3, tgw_xom
D:5:      layout_basic, kiku_gazebo_pond_becter, kennysheep_mini,
          marbit_many_paths, minmay_temple_entry_sparse_star, uniq_duvessa
D:6:      layout_gridville, zin_treasury
D:7:      layout_rooms, kennysheep_little_box, minmay_manual_mares,
          uniq_menkaure, uniq_harold

Skill      XL: |  1  2  3  4  5  6  7  8 |
---------------+-------------------------+-----
Spellcasting   | 3 4 5 |  5.7
Fighting       | 1 2 3 4 |  4.7
Armour         | 1 2 3 5 |  5.5
Necromancy     | 5 6 |  6.1
Throwing       | 1 2 3 |  3.1
Axes           | 2 3 |  3.4
Dodging        | |  1.5
Stealth        | |  1.5

Action                   |  1- 3 |  4- 6 |  7- 9 || total
-------------------------+-------+-------+-------++-------
Melee: Club              |     3 |     4 |       ||     7
       Hand axe          |       |    48 |   276 ||   324
Throw: Dart              |    10 |    85 |    84 ||   179
       Throwing net      |       |       |     1 ||     1
       Boomerang         |       |       |     3 ||     3
 Cast: Pain              |    59 |   140 |    15 ||   214
       Animate Skeleton  |       |     3 |       ||     3
 Stab: Sleeping          |       |       |     1 ||     1
Armor: Ring mail         |    14 |    58 |       ||    72
       Chain mail        |       |       |   188 ||   188
       Robe              |       |       |    24 ||    24
       Plate armour      |       |       |    17 ||    17
Dodge: Dodged            |    26 |   108 |   182 ||   316

Table legend: (Time is in decaauts)
 A = Elapsed time spent in this place.
 B = Non-inter-level travel time spent in this place.
 C = Inter-level travel time spent in this place.
 D = Time resting spent in this place.
 E = Time spent auto-exploring this place.
 F = Levels seen in this place.
 G = Mean time per level.
                   A        B        C        D        E       F      G
               +--------+--------+--------+--------+--------+-----+--------+
         Total |  14258 |  13747 |    511 |   6955 |   4327 |   7 | 2036.9 |
       Dungeon |  14258 |  13747 |    511 |   6955 |   4327 |   7 | 2036.9 |
               +--------+--------+--------+--------+--------+-----+--------+

Top non-repeatable levels by time:
     D:6: 3000 daAuts
     D:4: 2653 daAuts
     D:2: 2652 daAuts
     D:5: 2397 daAuts
     D:3: 1820 daAuts
     D:1: 1600 daAuts
     D:7: 132 daAuts
